 Dungeon Sprint DCSS version 0.27-a0-1140-g099f9bb0e8 (webtiles) character file.

Game seed: 14376002292082331599

2754 mhtbhm the Eclecticist (level 9, -3/48 HPs)
             Began as a Deep Elf Fire Elementalist on May 8, 2021.
             Was a High Priest of Vehumet.
             Slain by a death yak (20 damage)
             ... in the Dungeon (Sprint VII: "The Pits").
             The game lasted 00:06:31 (2426 turns).

mhtbhm the Eclecticist (Deep Elf Fire Elementalist) Turns: 2426, Time: 00:06:31

Health: -3/48      AC:  3    Str:  5    XL:     9   Next: 41%
Magic:  22/30      EV: 15    Int: 30    God:    Vehumet [*****.]
Gold:   0          SH:  0    Dex: 15    Spells: 24/38 levels left

rFire    . . .     SeeInvis .   e - +2 halberd (protect)
rCold    . . .     Faith    .   (shield currently unavailable)
rNeg     . . .     Spirit   .   a - +0 robe
rPois    .         Reflect  .   (no helmet)
rElec    .         Harm     .   (no cloak)
rCorr    .         Rampage  .   p - +0 pair of gloves
Will     .....     NoTele   +   (no boots)
Stlth    ++++......             (no amulet)
HPRegen  0.16/turn              k - +3 ring of intelligence
MPRegen  0.22/turn              n - +3 ring of intelligence

@: no status effects
A: no striking features
a: Renounce Religion


You were in the Dungeon.
You worshipped Vehumet.
Vehumet was extremely pleased with you.
You visited 1 branch

Inventory:

Hand Weapons
 e - a +2 halberd of protection (weapon)
Missiles
 h - 7 poisoned darts (quivered)
Armour
 a - a +0 robe (worn)
 p - a +0 pair of gloves (worn)
Jewellery
 k - a +3 ring of intelligence (left hand)
 n - a +3 ring of intelligence (right hand)
Scrolls
 i - 5 scrolls of amnesia
Potions
 b - 2 potions of invisibility
 c - a potion of heal wounds
 d - 5 potions of curing
 f - 3 potions of magic
 g - 4 potions of berserk rage
 l - 2 potions of haste
 m - 2 potions of brilliance
 o - a potion of might
 q - a potion of degeneration {unknown}


   Skills:
 + Level 2.1 Fighting
 + Level 1.3 Staves
 + Level 1.0 Throwing
 + Level 7.6 Dodging
 - Level 7.7 Stealth
 + Level 15.0 Spellcasting
 + Level 10.1 Conjurations
 + Level 14.3 Fire Magic


You had 24 spell levels left.
You knew the following spells:

 Your Spells              Type           Power      Damage    Failure   Level
a - Foxfire               Conj/Fire      100%       2x1d9     0%          1
b - Sandblast             Erth           44%        2d11      1%          1
c - Inner Flame           Hex/Fire       60%        N/A       1%          3
d - Sticky Flame          Conj/Fire      77%        2d9       1%          4
e - Fireball              Conj/Fire      38%        3d16      1%          5

Your spell library contained the following spells:

 Spells                   Type           Power      Damage    Failure   Level
 Starburst                Conj/Fire      38%        8x6d11    1%          6
 Conjure Flame            Conj/Fire      77%        6-21      1%          3


Dungeon Overview and Level Annotations

Branches:
Dungeon (1/1)

Altars:
Ashenzari
Cheibriados
Dithmenos
Elyvilon
Fedhas
Gozag
Hepliaklqana
Kikubaaqudgha
Makhleb
Nemelex Xobeh
Okawaru
Qazlal
Ru
Sif Muna
Trog
Uskayaw
Vehumet
Wu Jian
Xom
Yredelemnul
Zin
The Shining One
Beogh
Jiyva
Lugonu


Message History

Aim: a red devil, wielding a +0 trident (lightly wounded, about 59% to evade your +2 halberd of protection)
You reach to attack!
You hit the red devil.
The red devil is moderately wounded.
The red devil hits you but does no damage.
Reach: e) +2 halberd (protect)
Press: ? - help, Dir - move target, f/p - red devil
Aim: a red devil, wielding a +0 trident (moderately wounded, about 59% to evade your +2 halberd of protection)
You reach to attack!
You barely miss the red devil.
The red devil is moderately wounded.
The red devil hits you from afar with a +0 trident!
* * * LOW HITPOINT WARNING * * *
Unknown command.
Casting: Fireball (safe; 1% risk of failure)
Confirm with . or Enter, or press ? or * to list all spells.
Aiming: Fireball (safe; 1% risk of failure)
Press: ? - help, Shift-Dir - straight line, f - death yak
Aim: a death yak (moderately wounded)
The fireball explodes!
The fireball engulfs the death yak!
The death yak is moderately wounded.
You hear a shout!
Unknown command.
Unknown command.
You feel much better. The death yak gores you!!
Ouch! That really hurt!
* * * LOW HITPOINT WARNING * * *
Unknown command.
Okay, then.
You feel much better. The red devil barely misses you.
The death yak snorts and paws the ground.
The death yak gores you!
Unknown command.
Okay, then.
Okay, then.
Okay, then.
As you read the scroll of summoning, it crumbles to dust.
Wisps of shadow whirl around you...
Something hits your small abomination but does no damage.
A yaktaur comes into view.
The death yak gores you!!
You die...

.....'....)......)....+
)#####......#..#......#
.#..##................#
.').#####'#####')######
##)###.......##''#####
...)##.......##......+
....##.......##...x..+
'#####...<...##.....##
))[.##.......##x@.###
))[.##.......##xY##
######.......##4{#
##..###########..c......
.#)############++#...#..
##.#....#..[[# #.....
.#)#)...#...[# ##...
##)).)..'..))# ..
.#'#)...#..))# .


You could see a death yak (ally target), a yaktaur, a red devil and 3 friendly
small abominations.

Vanquished Creatures
  Erica (D)
  A deep elf zephyrmancer (D)
  An elephant (D)
  A polar bear (D)
  Grinder (D)
  A floating eye (D)
  Duvessa (D)
  A black bear (D)
  A kobold brigand (D)
  A gnoll sergeant (D)
  4 killer bees (D)
  5 wights (D)
  A quasit (D)
  A jelly (D)
  A mummy (D)
  6 gnolls (D)
  An adder (D)
  An ufetubus (D)
  A worm (D)
  An endoplasm (D)
  2 goblins (D)
  A quokka (D)
  A frilled lizard (D)
  A kobold (D)
  A rat (D)
38 creatures vanquished.

Vanquished Creatures (others)
  57 foxfires (D)
57 creatures vanquished.

Grand Total: 95 creatures vanquished

Notes
Turn   | Place    | Note
-------+----------+-------------------------------------------
     0 | D        | mhtbhm the Deep Elf Fire Elementalist began the quest for
                  | the Orb.
     0 | D        | Reached XP level 1. HP: 10/10 MP: 6/6
    20 | D        | Reached XP level 2. HP: 5/15 MP: 3/8
   253 | D        | Found a bloodstained altar of Trog.
   253 | D        | Found a shimmering blue altar of Sif Muna.
   253 | D        | Found a viscous altar of Jiyva.
   253 | D        | Found a hazy altar of Hepliaklqana.
   253 | D        | Found an opulent altar of Gozag.
   254 | D        | Found a glowing golden altar of the Shining One.
   254 | D        | Found a glowing silver altar of Zin.
   254 | D        | Found a basalt altar of Yredelemnul.
   254 | D        | Found a shimmering altar of Xom.
   254 | D        | Found an ornate altar of the Wu Jian Council.
   254 | D        | Found a sacrificial altar of Ru.
   254 | D        | Found a stormy altar of Qazlal.
   254 | D        | Found an iron altar of Okawaru.
   254 | D        | Found a sparkling altar of Nemelex Xobeh.
   254 | D        | Found a burning altar of Makhleb.
   254 | D        | Found a blossoming altar of Fedhas.
   254 | D        | Found a white marble altar of Elyvilon.
   254 | D        | Found a shadowy altar of Dithmenos.
   254 | D        | Found a snail-covered altar of Cheibriados.
   256 | D        | Found a radiant altar of Vehumet.
   256 | D        | Found a corrupted altar of Lugonu.
   257 | D        | Found a hide-covered altar of Uskayaw.
   257 | D        | Found an ancient bone altar of Kikubaaqudgha.
   257 | D        | Found a broken altar of Ashenzari.
   264 | D        | Became a worshipper of Vehumet
   282 | D        | Reached skill level 4 in Spellcasting
   316 | D        | Noticed a floating eye
   319 | D        | Reached skill level 5 in Fire Magic
   322 | D        | Paralysed by a floating eye for 4 turns
   323 | D        | Killed a floating eye
   323 | D        | Reached * piety under Vehumet
   323 | D        | Offered knowledge of Sandblast by Vehumet.
   324 | D        | Reached skill level 6 in Spellcasting
   324 | D        | Reached XP level 3. HP: 19/19 MP: 4/12
   324 | D        | Reached XP level 4. HP: 24/24 MP: 4/14
   328 | D        | Learned a level 1 spell: Sandblast
   332 | D        | Learned a level 3 spell: Inner Flame
   337 | D        | Learned a level 4 spell: Sticky Flame
   403 | D        | Reached XP level 5. HP: 17/28 MP: 13/16
   404 | D        | Reached ** piety under Vehumet
   404 | D        | Offered knowledge of Poisonous Vapours by Vehumet.
   411 | D        | Learned a level 5 spell: Fireball
   419 | D        | Reached skill level 5 in Dodging
   448 | D        | Reached skill level 5 in Stealth
   448 | D        | Reached skill level 7 in Spellcasting
   704 | D        | Offered knowledge of Searing Ray by Vehumet.
   704 | D        | Reached *** piety under Vehumet
   783 | D        | Reached skill level 8 in Spellcasting
   783 | D        | Reached skill level 10 in Fire Magic
   972 | D        | Noticed a black bear
   977 | D        | Offered knowledge of Ignite Poison by Vehumet.
   978 | D        | Reached XP level 6. HP: 32/32 MP: 4/19
   979 | D        | Reached **** piety under Vehumet
   980 | D        | Reached skill level 9 in Spellcasting
  1017 | D        | Reached ***** piety under Vehumet
  1274 | D        | Noticed Grinder
  1276 | D        | Killed Grinder
  1276 | D        | Offered knowledge of Airstrike by Vehumet.
  1277 | D        | Reached skill level 10 in Spellcasting
  1277 | D        | Reached skill level 5 in Conjurations
  1277 | D        | Reached XP level 7. HP: 37/37 MP: 12/22
  1433 | D        | Noticed a deep elf zephyrmancer
  1438 | D        | Killed a deep elf zephyrmancer
  1438 | D        | Offered knowledge of Fulminant Prism by Vehumet.
  1439 | D        | Reached skill level 11 in Spellcasting
  1439 | D        | Reached XP level 8. HP: 33/42 MP: 2/25
  1568 | D        | Noticed Duvessa
  1572 | D        | Killed Duvessa
  1573 | D        | Reached skill level 12 in Spellcasting
  1906 | D        | Noticed an elephant
  1906 | D        | Noticed a polar bear
  1909 | D        | Offered knowledge of Starburst by Vehumet.
  1919 | D        | Killed an elephant
  1920 | D        | Reached skill level 1 in Fighting
  1920 | D        | Reached skill level 13 in Spellcasting
  1926 | D        | Killed a polar bear
  2181 | D        | Noticed Erica
  2183 | D        | Reached XP level 9. HP: 47/47 MP: 23/28
  2187 | D        | Reached skill level 14 in Spellcasting
  2188 | D        | Killed Erica
  2189 | D        | Reached skill level 1 in Staves
  2189 | D        | Reached skill level 1 in Throwing
  2189 | D        | Reached skill level 10 in Conjurations
  2192 | D        | Reached skill level 15 in Spellcasting
  2411 | D        | Noticed a red devil
  2416 | D        | Noticed a death yak
  2426 | D        | Noticed a yaktaur
  2426 | D        | Slain by a death yak

Illustrated notes

Levels and vault maps discovered:
D:        pitsprint [storerooms_1, entrance_room_1, metal_vault_4, armoury_1,
          mini_pit_1, grid_room_1, main_hall_1, silver_pit, the_coven_1,
          the_vestibule_1, steel_vault_4, golden_pit, hallway_of_sentries,
          crystal_vault_6, iron_vault_1, final_vault]

Skill      XL: |  1  2  3  4  5  6  7  8  9 |
---------------+----------------------------+-----
Dodging        | 3 4 5 6 7 |  7.6
Fire Magic     | 4 8 10 11 12 13 14 | 14.3
Stealth        | 4 5 6 7 |  7.7
Spellcasting   | 6 8 10 11 13 15 | 15.0
Conjurations   | 2 3 5 6 8 10 | 10.1
Fighting       | 1 2 |  2.1
Staves         | 1 |  1.3
Throwing       | 1 |  1.0

Action                   |  1- 3 |  4- 6 |  7- 9 || total
-------------------------+-------+-------+-------++-------
Melee: Quarterstaff      |       |       |     2 ||     2
       Halberd           |       |       |     3 ||     3
Throw: Dart              |       |       |     1 ||     1
 Cast: Foxfire           |    11 |    23 |     2 ||    36
       Fireball          |       |     7 |    13 ||    20
       Sticky Flame      |       |     3 |    16 ||    19
  Use: Potion            |       |     4 |     6 ||    10
       Scroll            |       |     1 |     1 ||     2
Armor: Robe              |       |       |     8 ||     8
Dodge: Dodged            |       |     5 |    31 ||    36

Table legend: (Time is in decaauts)
 A = Elapsed time spent in this place.
 B = Non-inter-level travel time spent in this place.
 C = Inter-level travel time spent in this place.
 D = Time resting spent in this place.
 E = Time spent auto-exploring this place.
 F = Levels seen in this place.
 G = Mean time per level.
                   A        B        C        D        E       F      G
               +--------+--------+--------+--------+--------+-----+--------+
         Total |   2413 |   2413 |      0 |   1773 |      0 |   1 | 2413.0 |
       Dungeon |   2413 |   2413 |      0 |   1773 |      0 |   1 | 2413.0 |
               +--------+--------+--------+--------+--------+-----+--------+

Top non-repeatable levels by time:
       D: 2413 daAuts
